 Dungeon Crawl Stone Soup version 0.31.0-11-ge490571c62 (webtiles) character file.

Game seed: 13443689175065851887

3880 Baz the Skirmisher (level 10, -5/66 (79) HPs)
             Began as a Formicid Hunter on Feb 7, 2024.
             Was an Initiate of Hepliaklqana.
             Slain by a wight
             ... wielding a +3 mace
              (6 damage)
             ... on level 8 of the Dungeon.
             The game lasted 00:15:27 (6963 turns).

Baz the Skirmisher (Formicid Hunter)                Turns: 6963, Time: 00:15:28

HP:   -5/66 (79)    AC:  6    Str: 20    XL:     10   Next: 42%
MP:   10/10         EV: 12    Int:  9    God:    Hepliaklqana [......]
Gold: 396           SH:  0    Dex: 17    Spells: 9/9 levels left

rFire   . . .        b - +2 short sword (drain)
rCold   . . .        j - orb {*channel}
rNeg    . . .        g - +3 leather armour
rPois   +            (helmet unavailable)
rElec   .            (no cloak)
rCorr   .            (no gloves)
SInv    +            (no boots)
Will    +....        (no amulet)
Stlth   ++++         f - ring of poison resistance
HPRegen 0.31/turn    (no ring)
MPRegen 0.12/turn

%: channel magic (20%)
@: heavily drained
A: permanent stasis, dig shafts and tunnels, antennae 3, four strong arms
a: Dig, Shaft Self, Renounce Religion


You were on level 8 of the Dungeon.
You worshipped Hepliaklqana.
Hepliaklqana was noncommittal.
You visited 2 branches of the dungeon, and saw 9 of its levels.
You also visited: Sewer and Ossuary.

You collected 396 gold pieces.

Inventory:

Hand Weapons
 a - a +0 shortbow
 b - a +2 short sword of draining (weapon)
 z - the +6 sling "Qeluad" {heavy, Int+3}
   (You found it on level 4 of the Dungeon)

   Int+3:     It affects your intelligence (+3).
Missiles
 m - a throwing net
Armour
 g - a +3 leather armour (worn)
 j - an orb of energy (worn)
Jewellery
 f - a ring of poison resistance (left hand)
 A - a ring of wizardry
 D - a ring of positive energy
Wands
 r - a wand of charming (18)
 y - a wand of flame (5)
Scrolls
 c - a scroll of enchant weapon
 e - 3 scrolls of enchant armour {unknown}
 h - 2 scrolls of immolation {unknown}
 i - 2 scrolls of teleportation {unknown}
 k - 2 scrolls of amnesia {unknown}
 p - 5 scrolls of revelation {unknown}
 t - 4 scrolls of butterflies
 u - 3 scrolls of fear {unknown}
 v - 2 scrolls of fog {unknown}
 B - a scroll of noise {unknown}
 C - a scroll of poison {unknown}
Potions
 d - a potion of might
 l - a potion of berserk rage
 n - 3 potions of curing
 o - 2 potions of degeneration {unknown}
 q - 2 potions of enlightenment {unknown}
 s - a potion of invisibility
 w - a potion of haste {unknown}
 x - a potion of mutation {unknown}
 E - a potion of heal wounds {unknown}


   Skills:
 + Level 7.1 Fighting
 * Level 7.1 Short Blades
 + Level 8.0 Ranged Weapons
 + Level 6.2 Armour
 - Level 2.1 Dodging
 - Level 7.5 Stealth


You had 9 spell levels left.
You didn't know any spells.
Your spell library contained the following spells:

 Spells                   Type           Power      Damage    Failure   Level
 Apportation              Tloc           0%         N/A       65%         1
 Necrotise                Necr           0%         1d4       65%         1
 Sting                    Conj/Alch      0%         1d3       65%         1
 Summon Small Mammal      Summ           0%         N/A       65%         1
 Jinxbite                 Hex            0%         N/A       77%         2
 Summon Ice Beast         Ice/Summ       0%         N/A       92%         3
 Cause Fear               Hex            0%         N/A       100%        4
 Fireball                 Conj/Fire      0%         3d3       100%        5
 Summon Mana Viper        Hex/Summ       0%         N/A       100%        5
 Yara's Violent Unravell  Hex/Alch       0%         3d3       100%        5
 Enfeeble                 Hex            0%         N/A       100%        7
 Monstrous Menagerie      Summ           0%         N/A       100%        7
 Dragon's Call            Summ           0%         N/A       100%        9


Dungeon Overview and Level Annotations

Branches:
Dungeon (8/15)             Temple (1/1) D:7           Sewer (visited)
Ossuary (visited)
   Lair: D:8-11

Altars:
Ashenzari
Dithmenos
Gozag
Hepliaklqana
Kikubaaqudgha
Makhleb
Nemelex Xobeh
Okawaru
Qazlal
Sif Muna
Trog
Uskayaw
Vehumet
Xom
Zin
The Shining One

Portals:
Abyss: D:3

Annotations:
D:3 2 transporters, HourglassMan's ghost, amateur MfGl
D:7 1 runed translucent door, Crazy Yiuf


Innate Abilities, Weirdness & Mutations

You cannot be hasted, slowed, berserked, paralysed or teleported.
You can dig through walls and to a lower floor.
You have a pair of large antennae on your head. (SInv)
Your four strong arms can wield two-handed weapons with a shield.


Message History

The wight hits you with a +3 mace.
You feel drained.
You hit the wight but do no damage.
The wight is heavily damaged.
You hit the wight.
The wight is severely damaged.
The wight barely misses you.
You closely miss the wight.
The wight is severely damaged.
The wight closely misses you.
You hit the wight but do no damage.
The wight is severely damaged.
You hit the wight but do no damage.
The wight is severely damaged.
The wight hits you with a +3 mace.
* * * LOW HITPOINT WARNING * * *
You feel drained.
* * * LOW HITPOINT WARNING * * *
You hit the wight.
The wight is severely damaged.
The wight hits you with a +3 mace!
* * * LOW HITPOINT WARNING * * *
You hit the wight but do no damage.
The wight is severely damaged.
You hit the wight but do no damage.
The wight is severely damaged.
The wight hits you with a +3 mace.
* * * LOW HITPOINT WARNING * * *
You feel drained.
You hit the wight.
The wight is severely damaged.
The wight hits you with a +3 mace.
* * * LOW HITPOINT WARNING * * *
You feel drained.
* * * LOW HITPOINT WARNING * * *
You barely miss the wight.
The wight is severely damaged.
You hit the wight.
The wight is almost destroyed.
The wight hits you with a +3 mace.
You die...

###.#.............#
..................#...#
...)####..........#.$.#
)))>.# #..........#...#
.###.# ##.............#
.# .# ##......##.... ##
..######.##.....
#.....#....##.## .
####.#...Dz@.# ..
#....).##.# #..
##...).# ..# .. #....##
#.# ####D.# ..
##.D..... ##......
....... ....


You could see a steam dragon and a wight.

Vanquished Creatures
  Maggie (D:7)
  Jeremiah (D:8)
  A wyvern (D:7)
  6 yaks (D:7)
  2 humans (D:7)
  Menkaure (D:7)
  Pargi (Sewer)
  3 black bears
  An ice beast (D:6)
  An orc warrior (D:8)
  2 ogres (D:5)
  A phantom (D:5)
  A centaur (D:8)
  2 brain worms (Sewer)
  2 wights (D:8)
  2 bombardier beetles
  4 hounds
  A jelly (D:6)
  4 orc priests
  A sleepcap (D:5)
  An iguana (D:6)
  5 orc wizards
  A mummy (Ossuary)
  Robin (D:3)
  14 adders
  2 white imps (D:7)
  2 dart slugs
  5 ribbon worms
  34 orcs
  9 ball pythons
  11 endoplasms
  9 giant cockroaches
  19 goblins
  7 hobgoblins
  2 quokkas
  6 bats
  10 frilled lizards
  3 kobolds
  6 rats
185 creatures vanquished.

Vanquished Creatures (others)
  An orc wizard (D:4)
1 creature vanquished.

Grand Total: 186 creatures vanquished

Notes
Turn   | Place    | Note
-------+----------+-------------------------------------------
     0 | D:1      | Baz the Formicid Hunter began the quest for the Orb.
     0 | D:1      | Reached XP level 1. HP: 16/16 MP: 1/1
   126 | D:1      | Reached XP level 2. HP: 23/23 MP: 2/2
   366 | D:1      | Reached XP level 3. HP: 28/28 MP: 3/3
   903 | D:2      | Reached XP level 4. HP: 34/34 MP: 4/4
   919 | D:2      | Reached skill level 1 in Armour
  1189 | D:3      | Reached XP level 5. HP: 38/41 MP: 5/5
  1322 | D:3      | Found a glowing drain.
  1327 | D:3      | Reached skill level 5 in Ranged Weapons
  1339 | Sewer    | Entered a sewer
  1428 | Sewer    | Noticed Pargi
  1431 | Sewer    | Noticed a brain worm
  1456 | Sewer    | Killed Pargi
  1456 | Sewer    | HP: 1/41 [brain worm/psychic fangs (5)]
  1457 | Sewer    | Reached XP level 6. HP: 1/47 MP: 1/6
  1572 | Sewer    | Reached XP level 7. HP: 32/53 MP: 7/7
  1802 | D:3      | Noticed HourglassMan's ghost (amateur MfGl)
  1927 | D:3      | Found a transporter.
  1931 | D:3      | Noticed Robin
  1975 | D:3      | Killed Robin
  1980 | D:3      | Reached skill level 6 in Ranged Weapons
  2178 | D:3      | Found a transporter.
  2184 | D:3      | Found a one-way gate to the infinite horrors of the Abyss.
  2409 | D:4      | Found a sand-covered staircase.
  2423 | Ossuary  | Entered an ossuary
  2423 | Ossuary  | Found a huge runed translucent gate.
  2423 | Ossuary  | Found a huge runed translucent gate.
  2423 | Ossuary  | Found a huge runed translucent gate.
  2423 | Ossuary  | Found a huge runed translucent gate.
  2423 | Ossuary  | Found a huge runed translucent gate.
  2423 | Ossuary  | Found a huge runed translucent gate.
  2423 | Ossuary  | Found a huge runed translucent gate.
  2423 | Ossuary  | Found a huge runed translucent gate.
  2424 | Ossuary  | Found a huge runed translucent gate.
  2424 | Ossuary  | Found a huge runed translucent gate.
  2424 | Ossuary  | Found a huge runed translucent gate.
  2425 | Ossuary  | Found a huge runed translucent gate.
  2425 | Ossuary  | Found a huge runed translucent gate.
  2427 | Ossuary  | Found a huge runed translucent gate.
  2427 | Ossuary  | Found a huge runed translucent gate.
  2437 | Ossuary  | Found a huge runed translucent gate.
  2437 | Ossuary  | Found a huge runed translucent gate.
  2437 | Ossuary  | Found a huge runed translucent gate.
  2437 | Ossuary  | Found a huge runed translucent gate.
  2437 | Ossuary  | Found a huge runed translucent gate.
  2438 | Ossuary  | Found a huge runed translucent gate.
  2438 | Ossuary  | Found a huge runed translucent gate.
  2440 | Ossuary  | Found a huge runed translucent gate.
  2440 | Ossuary  | Found a huge runed translucent gate.
  2441 | Ossuary  | Found a huge runed translucent gate.
  2441 | Ossuary  | Found a huge runed translucent gate.
  2442 | Ossuary  | Found a huge runed translucent gate.
  2442 | Ossuary  | Found a huge runed translucent gate.
  3201 | D:4      | Identified the +6 sling "Qeluad" {heavy, Int+3}
  3269 | D:4      | Reached skill level 1 in Short Blades
  3291 | D:4      | Found a glowing golden altar of the Shining One.
  3471 | D:5      | Entered Level 5 of the Dungeon
  3601 | D:5      | Reached XP level 8. HP: 40/61 MP: 8/8
  3757 | D:5      | Reached skill level 5 in Stealth
  3940 | D:5      | Reached skill level 5 in Fighting
  4035 | D:5      | Found an ancient bone altar of Kikubaaqudgha.
  4506 | D:6      | Reached XP level 9. HP: 68/68 MP: 9/9
  5095 | D:6      | Reached skill level 7 in Ranged Weapons
  5415 | D:7      | Noticed Maggie
  5425 | D:7      | Killed Maggie
  5426 | D:7      | Reached skill level 5 in Short Blades
  5602 | D:7      | Found a runed translucent door.
  5603 | D:7      | Noticed Crazy Yiuf
  5634 | D:7      | Found a stormy altar of Qazlal.
  5658 | D:7      | Reached skill level 5 in Armour
  5686 | D:7      | HP: 3/103 [yak (9)]
  5694 | D:7      | HP: 2/103 [yak (3)]
  5699 | D:7      | Reached XP level 10. HP: 4/77 MP: 10/10
  5950 | D:7      | Found a staircase to the Ecumenical Temple.
  5957 | Temple   | Entered the Ecumenical Temple
  5957 | Temple   | Noticed a tormentor
  5958 | Temple   | Noticed an orange demon
  5958 | Temple   | Noticed Dienka the pandemonium lord
  5958 | Temple   | Noticed a green death
  5958 | Temple   | Noticed Afoelus the pandemonium lord
  5973 | Temple   | Became a worshipper of Hepliaklqana the Forgotten
  5987 | Temple   | Noticed Kedday the pandemonium lord
  5988 | Temple   | Noticed an ice devil
  6181 | D:7      | Found an iron altar of Okawaru.
  6470 | D:7      | Noticed Menkaure
  6472 | D:7      | Killed Menkaure
  6721 | D:8      | Noticed Jeremiah
  6733 | D:8      | Killed Jeremiah
  6734 | D:8      | Reached skill level 8 in Ranged Weapons
  6961 | D:8      | HP: 3/68 [wight/+3 mace (6)]
  6961 | D:8      | HP: 1/66 [wight/+3 mace (2)]
  6963 | D:8      | Slain by a wight

Illustrated notes

Levels and vault maps discovered:
D:1:      mushboom_english_gardens, layout_basic, minmay_lizard_pond
D:2:      layout_rooms
D:3:      layout_loops_ring, gup_sewer_entry_pipe,
          gammafunk_ghost_abyssal_escape, nicolae_titane, uniq_robin
D:4:      layout_cave_pools, mainiacjoe_overflow_alcove_1,
          nicolae_ossuary_entry_ruins
D:5:      layout_cave_pods, lemuel_round_altar
D:6:      layout_basic
D:7:      layout_basic, kennysheep_little_box, okawaru_humans,
          minmay_temple_entry_statues, uniq_menkaure, uniq_maggie,
          uniq_crazy_yiuf_cottage
D:8:      layout_rooms, nicolae_overflow_crystal_walls,
          mainiacjoe_overflow_catwalk_spiral, uniq_prince_ribbit1, uniq_jeremiah
Temple:   nicolae_temple_panitentiary

Skill      XL: |  1  2  3  4  5  6  7  8  9 10 |
---------------+-------------------------------+-----
Dodging        | 2 |  2.1
Stealth        | 2 3 4 5 7 |  7.5
Armour         | 1 2 3 4 5 6 |  6.2
Fighting       | 3 4 5 6 7 |  7.1
Ranged Weapons | 5 6 7 8 |  8.0
Short Blades   | 1 3 6 7 |  7.1

Action                     |  1- 3 |  4- 6 |  7- 9 | 10-12 || total
---------------------------+-------+-------+-------+-------++-------
  Melee: Hand axe          |     3 |       |       |       ||     3
         Short sword       |       |    28 |    81 |    23 ||   132
         Punch             |       |       |     2 |       ||     2
   Fire: Shortbow          |    96 |   105 |   102 |       ||   303
         Sling             |       |       |   137 |    55 ||   192
Ability: Dig               |     1 |       |       |       ||     1
    Use: Potion            |       |     3 |     2 |       ||     5
         Scroll            |       |       |     4 |       ||     4
   Stab: Sleeping          |       |       |       |     1 ||     1
 Armour: Leather armour    |    16 |    62 |   126 |    35 ||   239
         Skin              |       |     2 |     7 |       ||     9
  Dodge: Dodged            |     8 |    62 |   127 |    19 ||   216
